Map: Orbital Shipyard

Players

LilDicky - Winner!

  • Race: Terran Terran
  • League: Diamond

chodesammich

  • Race: Terran Terran
  • League: Platinum

VOD

http://www.twitch.tv/tumescentpie

Description

Time

  • Played on: Jan. 2, 2016, 12:45 p.m.
  • Length: 6:39
Show
View Real Time Build Order
Export as new Build Order

LilDicky Terran - Winner!

Build Orders: 1/1/1, Liberator Opening 

Get SALT Encoding   

  12  0:01  SCV  
  13  0:13  SCV  
  14  0:17  Supply Depot  
  14  0:25  SCV  
  15  0:31  Refinery  
  15  0:39  SCV  
  16  0:46  Barracks  
  16  0:51  SCV  
  17  1:03  SCV  
  18  1:16  SCV  
  19  1:34  Supply Depot, Marine  
  19  1:35  Orbital Command  
  19  1:38  Refinery  
  20  1:42  Factory  
  20  1:53  Marine  
  21  2:07  SCV  
  22  2:11  Marine  
  23  2:18  Supply Depot  
  23  2:19  SCV  
  24  2:26  Factory Tech Lab, Starport  
  24  2:29  Marine  
  25  2:40  SCV  
  26  2:44  Supply Depot  
  26  2:46  Marine  
  26  2:50  Siege Tank, Liberator  
  28  2:59  SCV  
  28  3:01  Supply Depot  
  28  3:04  Marine  
  33  3:13  SCV  
  31  3:28  Siege Tank, Marine  
  31  3:29  SCV  
  36  3:41  SCV  
  36  3:46  Marine  
  38  3:53  SCV  
  39  4:06  Siege Tank  
  41  4:20  Liberator  
  38  4:37  Marine  
  38  5:01  SCV  
  39  5:13  SCV, Siege Tank  
  39  5:14  Supply Depot  
  43  5:15  Command Center  
  43  5:16  Marine  
  43  5:17  Engineering Bay  
  43  5:20  Viking  
  40  6:14  Marine  
  44  6:21  SCV  
Show
View Real Time Build Order
Export as new Build Order

chodesammich Terran 

Build Orders:  

Get SALT Encoding   

  12  0:01  SCV  
  13  0:13  SCV  
  14  0:18  Supply Depot  
  14  0:25  SCV  
  15  0:40  SCV  
  15  0:41  Barracks  
  16  0:48  Refinery  
  16  0:55  SCV  
  17  1:07  SCV  
  18  1:14  Barracks  
  18  1:19  SCV  
  19  1:31  Reaper  
  19  1:32  Orbital Command  
  20  1:34  Supply Depot  
  20  1:42  Refinery  
  20  2:01  Reaper  
  20  2:04  SCV  
  22  2:10  Reaper  
  23  2:18  SCV  
  24  2:26  Supply Depot  
  24  2:33  Reaper  
  24  2:34  SCV  
  26  2:42  Reaper  
  26  3:05  Reaper  
  26  3:06  SCV  
  26  3:10  Command Center  
  28  3:14  Reaper  
  28  3:41  Factory  
  29  3:42  SCV  
  29  3:44  Command Center  
  29  3:46  Reaper  
  30  3:59  SCV  
  30  4:01  Engineering Bay  
  29  4:28  Orbital Command  
  29  4:34  Factory Tech Lab  
  29  4:35  SCV, Starport  
  28  4:54  SCV  
  27  5:01  Cyclone, Orbital Command  
  27  5:02  SCV, Barracks Tech Lab  
  31  5:11  SCV  
  31  5:12  Barracks  
  31  5:13  Barracks Reactor  
  31  5:14  Viking, Barracks  
  34  5:15  SCV  
  35  5:23  SCV  
  36  5:30  Marine  
  37  5:43  SCV  
  37  5:48  Marine  
  31  6:01  SCV x2  
  31  6:03  Marine x3  
  31  6:04  Marine  
  35  6:16  SCV  
  36  6:21  Marine x2  
Tags
 
Add a new tag
Caveats
  • Supply blocks, unpowered buildings, or Contaminate may cause inaccurate times.
  • Supply counts are checked every 10 seconds.